Cogmind - Beta 16 --- EXPLORER MODE // 2025.12.04 @ 12:09:00 Player: K.K.Y. Result: Destroyed by P-60 Hacker with Shock Rifle Performance ------------- Evolutions (4) 2000 Regions Visited (6) 1200 Robots Destroyed (133) 665 Value Destroyed (4121) 4121 Prototype IDs (23) 460 Alien Tech Used (0) 0 Bonus (199) 199 TOTAL SCORE: 8645 Bonus ------- Follower Combat Kills 199 Cogmind --------- Core Integrity 0/850 Matter 256/300 Energy 100/100 System Corruption 3% Temperature Cool (0) Movement Core (2650) Ox52 Location -6/Factory Parts ------- > --- POWER (2) -------- (None) > --- PROPULSION (4) --- (None) > --- UTILITY (8) ------ Cargo Storage Unit Gravity Neutralizer Improved Sensor Array Improved Signal Interpreter Advanced ECM Suite Component Analysis Suite Improved System Restoration Module > --- WEAPON (2) ------- Cooled Pulse Rifle Hypervelocity Gauss Rifle > --- INVENTORY (30) --- Angular Momentum Engine Angular Momentum Engine Angular Momentum Engine Light Fission Core Cooled VTOL Module Cooled Cesium-ion Thruster Huge Storage Unit Advanced Weight Redist. System Authchip [R/NC] Authchip [R/Combat] Authchip [Device] Authchip [Storage] Authchip [Storage] Improved System Restoration Module Recalibrator Tesla Rifle Precision Beam Rifle Cooled Pulse Rifle High-powered Field Laser Matter Neutralizer Matter Neutralizer Gauss Rifle Assault Cannon Gauss Cannon Magnetic Acceleration Cannon Remote Datajack Remote Datajack Impact Mace Shock Maul Power Sword Peak State ------------ > --- POWER ------------ Light Angular Momentum Engine Light Fission Core > --- PROPULSION ------- Advanced Treads Medium Treads Improved Medium Treads Improved Medium Treads > --- UTILITY ---------- Improved Cryofiber Web Huge Storage Unit Gravity Neutralizer IFF Parser Improved Terrain Scan Processor Energy Filter Hacking Suite Improved System Shield > --- WEAPON ----------- High-powered Field Laser Improved Heavy Laser > --- INVENTORY -------- Light Fission Core Spiked Treads Armored Treads Multireflex Exoskeleton Authchip [R/NC] Authchip [R/Combat] Authchip [Device] Authchip [Storage] Authchip [Storage] High-powered Shock Rifle High-powered Field Laser Matter Neutralizer Matter Neutralizer Gauss Rifle Hypervelocity Gauss Rifle Assault Cannon Advanced Assault Cannon Magnetic Acceleration Cannon Magnetic Acceleration Cannon Magnetic Acceleration Cannon Remote Datajack Shock Maul Power Sword [Rating: 81] Favorites ----------- Power Light Ion Engine Engine Light Ion Engine Power Core Light Fission Core Propulsion Spiked Treads Treads Spiked Treads Hover Unit Hover Unit Flight Unit VTOL Module Utility Terrain Scan Processor Device Improved Terrain Scanner Storage Huge Storage Unit Processor Terrain Scan Processor Hackware System Shield Weapon Flak Cannon Energy Gun Cooled Pulse Rifle Energy Cannon Light EM Pulse Cannon Ballistic Gun Hypervelocity Gauss Rifle Ballistic Cannon Flak Cannon Special Weapon Mining Laser Special Melee Weapon Improved Datajack Build | -11 -10 -10 -10 -8 -8 -6 ------- Run | Yrd Mat Min Sub Rec Scr Fac Slots Evolved 9 | . 1 . . . . 8 Power 1 | . . . . . . 1 Propulsion 2 | . . . . . . 2 Utility 6 | . 1 . . . . 5 Weapon . | . . . . . . . Parts Attached 85 | 5 17 . 10 6 . 47 Power 13 | 1 1 . 1 1 . 9 Engine 11 | 1 1 . 1 1 . 7 Core 2 | . . . . . . 2 Reactor . | . . . . . . . Propulsion 18 | 2 4 . 2 . . 10 Treads 10 | 2 . . 2 . . 6 Leg . | . . . . . . . Wheel . | . . . . . . . Hover 3 | . 2 . . . . 1 Flight 5 | . 2 . . . . 3 Utility 25 | . 3 . . 3 . 19 Device 14 | . 1 . . . . 13 Storage 2 | . . . . 1 . 1 Processor 6 | . 2 . . 1 . 3 Hackware 3 | . . . . 1 . 2 Protection . | . . . . . . . Artifact . | . . . . . . . Weapon 29 | 2 9 . 7 2 . 9 Energy Gun 10 | 1 4 . 1 . . 4 Energy Cannon 2 | . 2 . . . . . Ballistic Gun 4 | 1 1 . 1 . . 1 Ballistic Cannon 10 | . 2 . 3 1 . 4 Launcher . | . . . . . . . Special Weapon 2 | . . . 2 . . . Impact Weapon . | . . . . . . . Slashing Weapon . | . . . . . . . Piercing Weapon . | . . . . . . . Special Melee Weapon 1 | . . . . 1 . . Unidentified Prototypes 7 | . . . . . . 7 Parts Lost 30 | . . . 3 . . 27 Power 6 | . . . . . . 6 Propulsion 8 | . . . 1 . . 7 Utility 9 | . . . . . . 9 Weapon 7 | . . . 2 . . 5 Highest Loss Streak 8 | . . . 2 . . 8 To Critical Strikes . | . . . . . . . Average Backups 13 | . 3 5 3 5 11 24 Power 1 | . . . . . . 2 Propulsion 1 | . 1 2 . 1 2 2 Utility 4 | . . 1 1 3 6 7 Weapon 5 | . 1 2 1 1 3 11 Tool/Special . | . . . . . . . Unused Backups 38 | . 1 . . 1 . 36 Power 6 | . . . . . . 6 Propulsion 3 | . . . . . . 3 Utility 8 | . 1 . . . . 7 Weapon 19 | . . . . 1 . 18 Tool/Special 2 | . . . . . . 2 Average Slot Usage (%) 86 | . 89 87 97 100 100 70 Engine 9 | . 11 12 12 12 12 6 Treads 15 | . 4 . 15 25 25 10 Flight 3 | . 8 25 9 . . . Device 12 | . 9 12 12 8 . 20 Storage 4 | . . . . 4 12 6 Processor 14 | . 19 25 25 19 12 6 Hackware 4 | . . . . 3 12 5 Energy Gun 3 | . 13 . 2 . . 5 Ballistic Gun 1 | . 9 . . . . 2 Ballistic Cannon 9 | . . . 16 21 12 2 Special Melee Weapon 2 | . . . . 2 12 . Peak Build Rating 81 | 5 16 14 18 24 24 81 Average Rating 32 | 4 11 14 16 20 23 54 On Entrance 14 | . 5 14 14 18 23 24 Avg Prop Armor Cover (%) 13 | . . . . . . 13 Naked Turns . | . . . . . . . Heaviest Build 179 | 9 14 8 14 99 92 179 Greatest Support 112 | 40 40 8 40 40 40 112 Greatest Overweight (x) 59 | . 3 . 1 2 2 59 Average Overweight (x) 1 | . . . . . 2 4 Largest Inventory Capacity 30 | 5 5 5 5 25 25 30 Average Capacity 17 | 5 5 5 5 13 25 27 Most Carried 30 | 3 5 5 5 10 13 30 Average Carried 13 | . 3 5 3 5 11 25 Final Capacity 30 | 5 5 5 5 25 25 30 Final Carried 30 | 2 5 5 3 9 13 30 Class Distribution -------------------- 45% | Hacker-Mutant 26% | Commander-Mutant 11% | Hauler-Mutant 7% | Hacker-Sprinter 4% | Scavenger-Sprinter Dominant Class ---------------- Scavenger-Mutant | -10/Materials Hacker-Sprinter | -10/Mines Hacker-Mutant | -10/Subcaves Commander-Mutant | -8/Recycling Commander-Mutant | -8/Scraptown Hacker-Mutant | -6/Factory Resources | -11 -10 -10 -10 -8 -8 -6 ----------- Run | Yrd Mat Min Sub Rec Scr Fac Matter Collected 3403 | 239 248 164 421 229 . 2102 Remotely . | . . . . . . . Salvage Created 5242 | 155 327 99 333 498 . 3830 Parts 226 | 11 34 7 21 21 . 132 Haulers Intercepted 8 | . 1 . . . . 7 Recyclers Shooed 7 | . . . . . . 7 Parts Field Recycled . | . . . . . . . Retrieved Matter . | . . . . . . . Parts Self-Destructed . | . . . . . . . Prevented . | . . . . . . . Parts Restored . | . . . . . . . Kills | -11 -10 -10 -10 -8 -8 -6 ------- Run | Yrd Mat Min Sub Rec Scr Fac Combat Hostiles Destroyed 79 | . 8 2 12 10 . 47 Guns 29 | . 8 . 2 . . 19 Cannons 46 | . . 2 9 10 . 25 AOE 2 | . . . 1 . . 1 Classes Destroyed 17 | 2 5 1 2 4 . 3 Worker 13 | . 3 . . . . 10 Builder 8 | . 2 . . . . 6 Tunneler 3 | 3 . . . . . . Hauler 8 | . 1 . . . . 7 Recycler 14 | 1 . . . 1 . 12 Mechanic 1 | . . . . . . 1 Operator 1 | . . . . . . 1 Turret 2 | . . . 2 . . . Watcher 4 | . 3 . . . . 1 Swarmer 16 | . 8 . 2 . . 6 Grunt 23 | . . 2 2 . . 19 Duelist 1 | . . . . . . 1 Protector 2 | . . . . 2 . . Sentry 11 | . . . . 6 . 5 Hunter 8 | . . . . 1 . 7 Programmer 10 | . . . . 1 . 9 Subdweller 8 | . . . 8 . . . Best Kill Streak 18 | 3 5 2 4 4 . 18 Combat Bots Only 7 | . 4 2 2 4 . 7 Max Kills in Single Turn 6 | 1 1 1 1 2 . 6 Gunslinging . | . . . . . . . Exploded 1 | . . . 1 . . 1 Melee . | . . . . . . . Uniques/NPCs Destroyed . | . . . . . . . Combat | -11 -10 -10 -10 -8 -8 -6 -------- Run | Yrd Mat Min Sub Rec Scr Fac Hostile Shots Fired 661 | . 17 7 88 15 . 534 Missed 203 | . 6 3 34 6 . 154 Hits 458 | . 11 4 54 9 . 380 Melee 2 | . . . . . . 2 Projectile 456 | . 11 4 54 9 . 378 Critical Strikes 17 | . . . . 2 . 15 Damage Taken 4449 | . 54 36 449 85 . 3825 Core 995 | . 5 10 120 9 . 851 Absorbed by Shields . | . . . . . . . Ignored by Resistances 2525 | . 35 22 257 52 . 2159 Core Remaining (%) 71 | 100 . . . . 42 . Volleys Fired 323 | 7 29 6 53 15 . 213 Largest 2 | 2 2 1 2 2 . 2 Hottest 150 | 70 90 56 150 77 . 140 Shots Fired 558 | 14 56 6 77 30 . 375 Gun 241 | 14 56 . 11 . . 160 Cannon 307 | . . 6 56 30 . 215 Launcher . | . . . . . . . Special 10 | . . . 10 . . . Kinetic 367 | 7 26 . 48 30 . 256 Thermal 159 | 7 23 . 10 . . 119 Explosive . | . . . . . . . Electromagnetic 32 | . 7 6 19 . . . Robot Hit Streak 60 | 10 13 11 26 21 . 60 Robot Miss Streak 3 | 1 1 . 1 3 . 3 Penetration Max 1 | . . . . . . 1 Secondary Targets 2 | . 1 . . . . 1 Max Gunslinging Chain 1 | . 1 . . . . 1 Shots Hit Robots 435 | 10 36 6 42 23 . 318 Core Hits 234 | 5 18 3 25 18 . 165 Critical Kills 9 | . . . . 2 . 7 Critical Parts Destroyed 17 | . . . 2 . . 15 Critical Strikes 58 | 1 3 1 2 5 . 46 Burn 13 | 1 3 . . . . 9 Destroy 27 | . . . 2 2 . 23 Blast 17 | . . . . 3 . 14 Corrupt 1 | . . 1 . . . . Melee Attacks . | . . . . . . . Impact . | . . . . . . . Slashing . | . . . . . . . Piercing . | . . . . . . . Sneak Attacks . | . . . . . . . Combat Hostiles . | . . . . . . . Follow-up Attacks . | . . . . . . . Damage Inflicted 11769 | 124 467 148 924 684 . 9422 Guns 3461 | 124 467 . 208 . . 2662 Cannons 6954 | . . 148 583 684 . 5539 Explosions 1256 | . . . 37 . . 1219 Melee . | . . . . . . . Ramming 2 | . . . . . . 2 Kinetic 7209 | 49 172 . 510 684 . 5794 Thermal 3160 | 75 263 . 133 . . 2689 Explosive 627 | . . . . . . 627 Electromagnetic 771 | . 32 148 281 . . 310 Impact . | . . . . . . . Slashing . | . . . . . . . Piercing . | . . . . . . . Highest Corruption 3 | . . . . . . 3 Average Corruption 1 | . . . . . . 1 Corruption Purged 2 | . . . . . . 2 Corruption Blocked . | . . . . . . . Effects 56 | . . . . . . 56 Message Errors 17 | . . . . . . 17 Matter Fused 15 | . . . . . . 15 Heat Flow Errors 2 | . . . . . . 2 Energy Discharges 7 | . . . . . . 7 Data Loss (minor) 10 | . . . . . . 10 Misfires 3 | . . . . . . 3 Alerts 1 | . . . . . . 1 Weapon Failures 1 | . . . . . . 1 Overload Shots . | . . . . . . . Overflow Damage 547 | . . . 31 44 . 472 Projectiles 253 | . . . 31 44 . 178 Explosions 294 | . . . . . . 294 Melee . | . . . . . . . Knockbacks 49 | . . . 6 10 . 33 Impact . | . . . . . . . Kinetic 47 | . . . 6 10 . 31 Secondary 2 | . . . . . . 2 Self-Inflicted Damage 192 | . . . . . . 192 Shots 5 | . . . . . . 5 Rammed 1 | . . . . . . 1 Targets Rammed 1 | . . . . . . 1 Kicked . | . . . . . . . Crushed . | . . . . . . . Highest Temperature 725 | 36 75 98 8 84 . 725 Average Temperature 131 | 17 26 44 5 29 . 185 Received Heat Transfer 1662 | . . 33 225 81 . 1323 Effects 49 | . . . . . . 49 Shutdowns 5 | . . . . . . 5 Energy Bleed 4 | . . . . . . 4 Interference 8 | . . . . . . 8 Matter Decay 6 | . . . . . . 6 Short Circuit 3 | . . . . . . 3 Damage (minor) 3 | . . . . . . 3 Damage (major) 17 | . . . . . . 17 Damage (core) 3 | . . . . . . 3 Siege Activations . | . . . . . . . Martial Activations . | . . . . . . . Shielding Activations . | . . . . . . . Robots Disrupted . | . . . . . . . Combat Hostiles . | . . . . . . . Robots Corrupted . | . . . . . . . Combat Hostiles . | . . . . . . . Parts Fried 1 | . . . 1 . . . Impact Corruptions . | . . . . . . . Robots Melted 2 | . . . . . . 2 Combat Hostiles 2 | . . . . . . 2 Parts Melted 15 | 1 2 . . . . 12 Heat Transferred 6185 | 296 999 . 250 . . 4640 Parts Sabotaged . | . . . . . . . Parts Stolen . | . . . . . . . Parts Stripped . | . . . . . . . Power Chain Reactions 1 | . . . 1 . . . Alert | -11 -10 -10 -10 -8 -8 -6 ------- Run | Yrd Mat Min Sub Rec Scr Fac Maximum Alert Level . | . . . . . . . Low Security (%) 100 | 100 100 100 . 100 . 100 Level 1 . | . . . . . . . Level 2 . | . . . . . . . Level 3 . | . . . . . . . Level 4 . | . . . . . . . Level 5 . | . . . . . . . High Security . | . . . . . . . Max Security . | . . . . . . . Peak Influence 107 | 10 90 50 . 56 . 107 Initial . | . . . . . . . Average 8 | 2 15 2 . 1 . 12 Influence Increases 2488 | 20 271 65 160 215 . 1757 Destroy 0b10 Robot/C 1520 | . 160 40 120 180 . 1020 Destroy 0b10 Robot/NC 280 | 20 45 . . 25 . 190 Destroy Leader 344 | . 48 10 10 . . 276 Allied During Kill 8 | . . . . . . 8 Successful Hack 28 | . 3 . . 7 . 18 Disable Machine 68 | . . . . . . 68 Destroy Structure 90 | . . . . 3 . 87 Lose Combat Pursuer 150 | . 15 15 30 . . 90 Influence Decreases 2488 | 20 271 65 160 215 . 1757 Time Decay 2301 | 20 271 65 160 215 . 1570 Lost Part 160 | . . . . . . 160 Lost Ally 27 | . . . . . . 27 Squads Dispatched 21 | . . . . . . 21 Investigation 2 | . . . . . . 2 Extermination 9 | . . . . . . 9 Reinforcement 7 | . . . . . . 7 Assault . | . . . . . . . Garrison 3 | . . . . . . 3 Intercept . | . . . . . . . Searches Triggered . | . . . . . . . Construction Impeded 2 | . . . . . . 2 Haulers Reinforced 3 | . . . . . . 3 Active Scanning Responses . | . . . . . . . Cargo Convoy Interrupts . | . . . . . . . Stealth | -11 -10 -10 -10 -8 -8 -6 --------- Run | Yrd Mat Min Sub Rec Scr Fac Distress Signals 3 | . 1 . . . . 2 Communications Jammed . | . . . . . . . Distress Signals . | . . . . . . . Times Spotted 105 | . 11 3 19 6 . 66 Peak Tracking Total 6 | . 4 2 5 2 . 6 Tactical Retreats 10 | . 1 1 2 . . 6 Traps | -11 -10 -10 -10 -8 -8 -6 ------- Run | Yrd Mat Min Sub Rec Scr Fac Traps Triggered 7 | . 3 . 1 . . 3 Indirectly . | . . . . . . . Trap Hack Attempts . | . . . . . . . Triggered . | . . . . . . . Disarmed . | . . . . . . . Reprogrammed . | . . . . . . . Reused . | . . . . . . . Traps Extracted . | . . . . . . . Installed . | . . . . . . . Triggered . | . . . . . . . Machines | -11 -10 -10 -10 -8 -8 -6 ---------- Run | Yrd Mat Min Sub Rec Scr Fac Machines Disabled 20 | . . . 3 . . 17 Max in Single Turn 6 | . . . 1 . . 6 Machines Repaired . | . . . . . . . Machines Dismantled . | . . . . . . . Machines Sabotaged . | . . . . . . . Overloaded Fab Kills . | . . . . . . . Hacking | -11 -10 -10 -10 -8 -8 -6 --------- Run | Yrd Mat Min Sub Rec Scr Fac Machines Accessed 30 | . 4 . 1 13 2 10 Terminals 15 | . 4 . . 6 . 5 Fabricators 2 | . . . . . . 2 Repair Stations . | . . . . . . . Recycling Units 8 | . . . . 7 . 1 Scanalyzers 2 | . . . . . . 2 Garrison Access . | . . . . . . . Total Hacks 91 | . 6 . 1 24 12 48 Successful 78 | . 4 . 1 19 12 42 Failed 13 | . 2 . . 5 . 6 Catastrophic . | . . . . . . . Database Lockouts . | . . . . . . . Manual 20 | . 6 . . 8 . 6 Terminals 28 | . 6 . . 14 . 8 Fabricators 9 | . . . . . . 9 Repair Stations . | . . . . . . . Recycling Units 12 | . . . . 10 . 2 Scanalyzers 29 | . . . . . . 29 Garrison Access . | . . . . . . . Terminal Hacks 19 | . . . 1 5 12 1 Record 12 | . . . . . 12 . Part Schematic 2 | . . . . 2 . . Robot Schematic 1 | . . . . 1 . . Robot Analysis 2 | . . . . 2 . . Terminal Index 1 | . . . . . . 1 Proto ID Catalog 1 | . . . 1 . . . Fabricator Hacks 6 | . . . . . . 6 Load Schematic 3 | . . . . . . 3 Build 3 | . . . . . . 3 Repair Station Hacks . | . . . . . . . Recycling Unit Hacks 9 | . . . . 8 . 1 Retrieve Components 9 | . . . . 8 . 1 Scanalyzer 29 | . . . . . . 29 Insert Component 6 | . . . . . . 6 Analyze 8 | . . . . . . 8 Retrieve Study 15 | . . . . . . 15 Garrison Access Hacks . | . . . . . . . Unauthorized Hacks 15 | . 4 . . 6 . 5 Terminals 15 | . 4 . . 6 . 5 Botnet 15 | . 4 . . 6 . 5 Fabricators . | . . . . . . . Repair Stations . | . . . . . . . Recycling Units . | . . . . . . . Scanalyzers . | . . . . . . . Garrison Access . | . . . . . . . Data Cores Recovered 1 | . . . . . . 1 Used . | . . . . . . . Hacking Detections 15 | . 1 . . 6 . 8 Full Trace Events 2 | . . . . . . 2 Feedback Events . | . . . . . . . Feedback Blocked . | . . . . . . . Robot Schematics Acquired 1 | . . . . 1 . . Robots Built 2 | . . . . . . 2 Authchips . | . . . . . . . Time 80 | . . . . . . 80 Total Robot Build Rating 2 | . . . . . . 2 Part Schematics Acquired 8 | . . . . 2 . 6 Parts Built 2 | . . . . . . 2 Authchips . | . . . . . . . Time 58 | . . . . . . 58 Total Part Build Rating 14 | . . . . . . 14 Part Studies Acquired 14 | . . . . . . 14 Parts Repaired . | . . . . . . . Time . | . . . . . . . Parts Recycled . | . . . . . . . Recycled Matter . | . . . . . . . Retrieved Matter . | . . . . . . . Retrieved Components 34 | . . . . 28 . 6 Parts Scanalyzed 6 | . . . . . . 6 Part Schematics Acquired 6 | . . . . . . 6 Parts Damaged . | . . . . . . . Bothacking | -11 -10 -10 -10 -8 -8 -6 ------------ Run | Yrd Mat Min Sub Rec Scr Fac Used RIF Installer . | . . . . . . . Robots Hacked . | . . . . . . . Non-combat . | . . . . . . . Combat . | . . . . . . . Robot Hacks Applied . | . . . . . . . Relay Couplers Released 4 | . . . . . . 4 Programmers 4 | . . . . . . 4 Fabnet Peak Effective % . | . . . . . . . Robots Rewired 13 | . . . . 13 . . Allies Hacked . | . . . . . . . Hacks Repelled . | . . . . . . . Allies | -11 -10 -10 -10 -8 -8 -6 -------- Run | Yrd Mat Min Sub Rec Scr Fac Total Allies 15 | . . . . 13 . 2 Largest Group 13 | . . . . 13 13 13 Highest-Rated Group 184 | . . . . 184 184 184 Highest-Rated Ally 34 | . . . . 34 34 34 Total Orders . | . . . . . . . Ally Attacks 23 | . . . . 4 . 19 Total Damage 826 | . . . . 100 . 726 Kills 7 | . . . . 2 . 5 Allies Corrupted . | . . . . . . . Allies Melted . | . . . . . . . Intel | -11 -10 -10 -10 -8 -8 -6 ------- Run | Yrd Mat Min Sub Rec Scr Fac Active Infowar (turns) 11432 | . 652 780 2883 1935 . 5182 Sensors 3291 | . . . . . . 3291 IFF 1891 | . . . . . . 1891 Terrain 6642 | . 652 780 2883 1935 . 392 ECM 1251 | . . . . . . 1251 Robot Analysis Total 2 | . . . . 2 . . Derelict Logs Recovered 2 | . . 1 1 . . . Drone Launches . | . . . . . . . Drone Recoveries . | . . . . . . . Exploration | -11 -10 -10 -10 -8 -8 -6 ------------- Run | Yrd Mat Min Sub Rec Scr Fac Turns Passed 15885 | 99 802 780 2883 2832 2283 6206 Spaces Moved 6908 | 50 876 655 2184 1210 629 1304 Core 243 | 12 . . . . . 231 Treads 4087 | 38 75 . 1068 1210 629 1067 Legs . | . . . . . . . Wheels . | . . . . . . . Hover 508 | . 508 . . . . . Flight 2070 | . 293 655 1116 . . 6 Fastest Speed 32 | 50 32 32 32 160 360 156 Average Speed 184 | 133 67 32 94 210 360 384 Slowest Speed 3000 | 160 275 32 160 360 360 3000 Overloaded Moves . | . . . . . . . Propulsion Burnouts . | . . . . . . . Robots Hopped 11 | . 2 9 . . . . Potential Cave-ins . | . . . . . . . Cave-ins Triggered . | . . . . . . . Exploration Rate (%) 68 | 4 98 95 96 99 53 36 Regions Visited 6 Branch Regions 4 Pre-discovered Areas 2 | . . . 2 . . . Known Exits Taken 6 | 1 1 1 1 1 1 . Unknown Exits Taken . | . . . . . . . Scrap Searched 13 | . . . 9 . 4 . Spaces Dug . | . . . . . . . Terrain Destroyed 88 | . . . 10 3 . 75 Melee . | . . . . . . . Projectile 22 | . . . 7 3 . 12 AOE 66 | . . . 3 . . 63 Terrain Rammed . | . . . . . . . Walls Destroyed . | . . . . . . . Machines Disabled . | . . . . . . . Actions | -11 -10 -10 -10 -8 -8 -6 --------- Run | Yrd Mat Min Sub Rec Scr Fac Total 9478 | 68 1033 1209 2906 1475 650 2137 Wait 1892 | . 61 558 631 153 18 471 Move 6880 | 49 871 636 2183 1209 628 1304 Hop 11 | . 2 9 . . . . Pick Up 88 | 7 11 . 5 11 4 50 Fast Attach 49 | . 19 . 9 . . 21 Attach 51 | 5 11 . 6 3 . 26 Detach 22 | . 7 . 3 3 . 9 Swap 23 | . . . 3 3 . 17 Drop 64 | . 22 . 13 4 . 25 Fire 323 | 7 29 6 53 15 . 213 Melee . | . . . . . . . Ram 1 | . . . . . . 1 Kick . | . . . . . . . Crush . | . . . . . . . Escape Stasis . | . . . . . . . Rewire 74 | . . . . 74 . . Trap . | . . . . . . . Miscellaneous . | . . . . . . . Route ------- -11/Scrapyard -10/Materials (discovered 6 exits: *Mat x3 / *Min x2 / Sub) -10/Mines (discovered 3 exits: *Mat x2 / *Sub) -10/Subcaves (discovered 3 exits: *Mat x2 / *Rec) -8/Recycling (discovered 2 exits: *Fac / *Scr) -8/Scraptown -6/Factory (discovered 2 exits: *Fac / *Low) History --------- Turn | Location | Event 8 | -11/Scrapyard | Identified exit to Materials 8 | -11/Scrapyard | Discovered exit to Materials (range 14) 100 | -11/Scrapyard | Entered Materials 100 | -10/Materials | Evolved 1 slot: Utility x1 281 | -10/Materials | Identified exit to Materials 281 | -10/Materials | Discovered exit to Materials (range 13) 340 | -10/Materials | Identified exit to Subcaves 340 | -10/Materials | Discovered exit to Subcaves (range 9) 385 | -10/Materials | Discovered exit to Materials (range 10) 485 | -10/Materials | Identified exit to Mines 485 | -10/Materials | Discovered exit to Mines (range 7) 587 | -10/Materials | Build established: Scavenger-Mutant 622 | -10/Materials | Discovered exit to Mines (range 16) 688 | -10/Materials | Discovered exit to Materials (range 6) 902 | -10/Materials | Entered Mines 1185 | -10/Mines | Build established: Hacker-Sprinter 1273 | -10/Mines | Discovered exit to Subcaves (range 6) 1402 | -10/Mines | Discovered exit to Materials (range 12) 1496 | -10/Mines | Joined a pair of Derelicts in attacking an 0b10 outpost 1572 | -10/Mines | Discovered exit to Materials (range 15) 1629 | -10/Mines | Received a Rocket Launcher from a helpful Derelict 1657 | -10/Mines | Learned Materials interactive machine intel 1682 | -10/Mines | Entered Subcaves 1736 | -10/Subcaves | Visited 4L-MR0's lab 1980 | -10/Subcaves | Identified exit to Materials 1980 | -10/Subcaves | Discovered exit to Materials (range 5) 1981 | -10/Subcaves | Learned location of Zion (-6) 1981 | -10/Subcaves | Met a Zionite searching for "candidates" 2186 | -10/Subcaves | Build established: Scavenger-Sprinter 2547 | -10/Subcaves | Disturbed a concealed Subdweller 2570 | -10/Subcaves | Discovered exit to Materials (range 8) 2609 | -10/Subcaves | Shifting Twisted Machinery released Enh. Flamer 2612 | -10/Subcaves | Ambushed by Subdwellers from Twisted Machinery 2614 | -10/Subcaves | Shifting Twisted Machinery released Slug Cannon 2690 | -10/Subcaves | Learned location of Storage (-8) 2721 | -10/Subcaves | Ambushed by Subdwellers from Twisted Machinery 2960 | -10/Subcaves | Identified exit to Recycling 2960 | -10/Subcaves | Discovered exit to Recycling (range 16) 3053 | -10/Subcaves | Build established: Hacker-Mutant 3543 | -10/Subcaves | Core integrity fell below 50% 4565 | -10/Subcaves | Entered Recycling 4566 | -8/Recycling | Met a Zionite searching for Scraptown 4712 | -8/Recycling | Identified exit to Factory 4712 | -8/Recycling | Discovered exit to Factory (range 15) 4834 | -8/Recycling | Scanned before Scraplab entrance 6128 | -8/Recycling | Build established: Commander-Mutant 7317 | -8/Recycling | Entered Scraplab 7350 | -8/Recycling | Identified exit to Scraptown 7350 | -8/Recycling | Discovered exit to Scraptown (range 3) 7397 | -8/Recycling | Entered Scraptown 7397 | -8/Scraptown | Accompanied by 13 allies 7474 | -8/Scraptown | Heard Great Nut preacher, LISTEN AND RECITE! 8103 | -8/Scraptown | Discovered exit to Factory (range 11) 8345 | -8/Scraptown | Visited Cyclists 8445 | -8/Scraptown | Visited Symbiants 8510 | -8/Scraptown | Visited Cave Peace 9257 | -8/Scraptown | Visited SPCMW 9290 | -8/Scraptown | Visited Assassins FH 9434 | -8/Scraptown | Visited Shadow of the Wyrm 9680 | -8/Scraptown | Entered Factory 9680 | -6/Factory | Accompanied by 13 allies 9680 | -6/Factory | Evolved 8 slots: Power x1, Propulsion x2, Utility x5 9807 | -6/Factory | Lost 4 allies 9898 | -6/Factory | Fabricated Matter Neutralizer (x2) 9987 | -6/Factory | Lost 3 allies 10200 | -6/Factory | Identified exit to Lower Caves 10200 | -6/Factory | Discovered exit to Lower Caves (range 8) 10249 | -6/Factory | Lost 3 allies 10550 | -6/Factory | Garrison activated, responded to threat 10742 | -6/Factory | Build established: Hacker-Mutant 10963 | -6/Factory | Fabricated O-16 Technician (x1) 11003 | -6/Factory | Fabricated O-16 Technician (x1) 12230 | -6/Factory | Core integrity fell below 50% 12265 | -6/Factory | Destroyed 7 combat bots 12271 | -6/Factory | Lost 8 parts (2p4n1u1w) 12469 | -6/Factory | Identified exit to Factory 12469 | -6/Factory | Discovered exit to Factory (range 11) 12919 | -6/Factory | Core integrity fell below 20% 12969 | -6/Factory | Lost 4 parts (1p2u1w) 14321 | -6/Factory | Build established: Hauler-Mutant 15886 | -6/Factory | Destroyed by P-60 Hacker with Shock Rifle Last Messages --------------- detected, Programmers report to Factory Zone 9Z. 14949_ BOQL#TY XU S U X##N%GQ>DQDZE5EX 14977_ TSU5TE5 WT7R=L8 XVR 15767_ System corrupted: FCS attempts to trigger Hyp. Gauss Rifle+. 15767_ System corrupted: Hyp. Gauss Rifle+ misfires. 15767_ HV Slug penetrates Wall. 15785_ System corrupted: Energy discharge (-31). 15885_ UB:FBGT 8XVJUZ